AoeStats
← Bahamut

Arabia

509928437Analyzed
1v1 RM · 5d ago on Sep 28, 2026· 42m 39s· 2 players
Game mode
Random Map
Map size
Tiny (2 player)
Population
200
Speed
Normal
Resources
Standard
Victory
Conquest
Starting age
Dark Age
Ending age
Imperial Age
RankedLock teamsTeams togetherTeam positionsShared explorationLock speedFull tech treeHidden civsTurbo modeCheats
Victory
Defeat
🇺🇸 Vikings · United States
1006
+15
🇫🇷 Burgundians · France
981
-15
Myst`
3:47 Double-Bit Axe
8:21 Loom
10:11 Feudal Age
10:00 Horse Collar
11:44 Heavy Plow
11:57 Bow Saw
17:38 Castle Age
21:00 Crop Rotation
20:49 Cavalier
21:40 Stone Mining
22:30 Husbandry
22:42 Scale Barding Armor
23:32 Gold Mining
25:11 Two-Man Saw
25:07 Chain Barding Armor
26:10 Gold Shaft Mining
28:38 Forging
29:20 Wheelbarrow
28:32 Town Watch
28:36 Man-at-Arms
30:08 Long Swordsman
30:49 Squires
30:55 Scale Mail Armor
31:31 Iron Casting
31:46 Burgundian Vineyards
32:38 Stone Shaft Mining
33:03 Chain Mail Armor
33:36 Hand Cart
37:53 Imperial Age
38:52 Paladin
39:12 Two-Handed Swordsman
39:36 Onager
40:14 Champion
41:33 Conscription
Bahamut
7:13 Loom
9:53 Feudal Age
11:34 Double-Bit Axe
16:57 Castle Age
14:59 Horse Collar
16:57 Scale Mail Armor
17:09 Forging
18:02 Bow Saw
18:54 Heavy Plow
24:25 Forging
24:41 Gold Mining
24:42 Stone Mining
26:44 Gold Shaft Mining
27:36 Chain Mail Armor
30:12 Iron Casting
30:31 Squires
32:25 Chieftains
36:04 Imperial Age
34:48 Treadmill Crane
36:06 Arson
37:19 Conscription
36:29 Elite Varangian Guard
38:21 Blast Furnace
40:51 Plate Mail Armor
41:18 Elite Berserk
Connection lost

Rejoining the realm…

Still unreachable

The connection could not be restored.

Session expired

The server has moved on; the page needs a fresh start.